 Dungeon Crawl Stone Soup version 0.29.0-7-g18a832c13a (webtiles) character file.

Game seed: 1622549547241996298

52199 gelatine the Marksdemonspawn (level 14, -5/111 HPs)
             Began as a Demonspawn Hunter on Aug 30, 2022.
             Was a High Priest of Makhleb.
             Slain by Arachne
             ... wielding the +9 staff of Olgreb {rPois∞}
              (26 damage)
             ... on level 2 of the Spider Nest.
             The game lasted 01:10:27 (20148 turns).

gelatine the Marksdemonspawn (Demonspawn Hunter)   Turns: 20148, Time: 01:10:27

Health: -5/111     AC: 20    Str: 17    XL:     14   Next: 26%
Magic:  22/22      EV: 19    Int: 12    God:    Makhleb [*****.]
Gold:   783        SH:  5    Dex: 21    Spells: 13/13 levels left

rFire   . . .      SeeInvis .   l - +1 arbalest
rCold   . . .      Faith    .   (shield currently unavailable)
rNeg    . . .      Spirit   .   e - +0 troll leather armour
rPois   .          Reflect  +   N - +1 helmet
rElec   .          Harm     .   J - scarf {repulsion}
rCorr   .          Rampage  .   (gloves unavailable)
Will    +....                   T - +0 pair of boots
Stlth   ++........              Q - amulet of reflection
HPRegen 1.08/turn               f - +4 ring of evasion
MPRegen 0.18/turn               K - +6 ring of strength

@: sanguine armoured, repel missiles
A: claws 3, demonic guardian 1, spiny 2, sanguine armour 3
a: Renounce Religion, Minor Destruction, Lesser Servant of Makhleb, Major
Destruction, Greater Servant of Makhleb


You were on level 2 of the Spider Nest.
You worshipped Makhleb.
Makhleb was extremely pleased with you.
You visited 4 branches of the dungeon, and saw 18 of its levels.
You also visited: Ossuary.

You collected 877 gold pieces.
You spent 94 gold pieces at shops.

Inventory:

Hand Weapons
 c - a +5 flail of freezing
 l - a +1 arbalest (weapon)
 z - a +4 vorpal falchion
 Z - a +2 shortbow of freezing
Missiles
 X - 2 curare-tipped darts
Armour
 e - a +0 troll leather armour (worn)
 u - a +0 hat of stealth
 E - a +2 kite shield
 J - a scarf of repulsion (worn)
 N - a +1 helmet (worn)
 S - a +0 scale mail of willpower
 T - a +0 pair of boots (worn)
 Y - a +2 robe
Jewellery
 a - a ring of protection from cold
 f - a +4 ring of evasion (left claw)
 n - a +6 ring of intelligence
 v - an amulet of the acrobat
 w - a ring of protection from cold
 y - a ring of protection from fire
 K - a +6 ring of strength (right claw)
 Q - an amulet of reflection (around neck)
 W - a ring of fire
Wands
 k - a wand of roots (25)
 D - a wand of mindburst (19)
 L - a wand of polymorph (7)
 O - a wand of quicksilver (13)
 U - a wand of charming (6)
Scrolls
 b - 2 scrolls of immolation
 h - 3 scrolls of enchant weapon
 i - 11 scrolls of teleportation
 j - 2 scrolls of torment
 m - 3 scrolls of amnesia
 s - 2 scrolls of magic mapping
 B - 4 scrolls of poison
 C - 2 scrolls of vulnerability
 G - 3 scrolls of blinking
 V - 2 scrolls of fog
Potions
 g - 5 potions of flight
 o - 2 potions of curing
 p - 4 potions of might
 q - 3 potions of haste
 r - 3 potions of ambrosia {unknown}
 x - 5 potions of brilliance {unknown}
 A - 3 potions of resistance {unknown}
 F - 3 potions of magic {unknown}
 H - a potion of berserk rage {unknown}
 I - 5 potions of invisibility {unknown}
 P - 2 potions of heal wounds
 R - 2 potions of mutation {unknown}
Miscellaneous
 d - a box of beasts (inert)


   Skills:
 + Level 10.6 Fighting
 * Level 17.3 Ranged Weapons
 + Level 6.2 Armour
 + Level 5.6 Dodging
 + Level 3.1 Stealth
 + Level 3.3 Shields
 * Level 11.6 Invocations
 + Level 1.0 Evocations


You had 13 spell levels left.
You didn't know any spells.
Your spell library contained the following spells:

 Spells                   Type           Power      Damage    Failure   Level
 Apportation              Tloc           0%         N/A       36%         1
 Beastly Appendage        Tmut           0%         N/A       36%         1
 Freeze                   Ice            0%         1d3       36%         1
 Necrotise                Necr           0%         1d4       36%         1
 Shock                    Conj/Air       0%         1d3       36%         1
 Summon Small Mammal      Summ           0%         N/A       36%         1
 Blink                    Tloc           0%         N/A       52%         2
 Sublimation of Blood     Necr           0%         N/A       52%         2
 Wereblood                Tmut           0%         N/A       52%         2
 Frozen Ramparts          Ice            0%         1d1       75%         3
 Lesser Beckoning         Tloc           0%         N/A       75%         3
 Spider Form              Tmut/Pois      0%         N/A       75%         3
 Swiftness                Air            0%         N/A       75%         3
 Vampiric Draining        Necr           0%         2d6       75%         3
 Airstrike                Air            0%         2d(0-16)  98%         4
 Flame Wave               Conj/Fire      0%         2d4       98%         4
 Fulminant Prism          Conj/Hex       0%         3d6       98%         4
 Hailstorm                Conj/Ice       0%         3d3       98%         4
 Leda's Liquefaction      Hex/Erth       0%         N/A       98%         4
 Petrify                  Tmut/Erth      0%         N/A       98%         4
 Sticky Flame             Conj/Fire      0%         2d3       98%         4
 Agony                    Necr           0%         N/A       100%        5
 Irradiate                Conj/Tmut      0%         3d11      100%        5
 Iskenderun's Battlesphe  Conj           0%         2d6       100%        5
 Lee's Rapid Deconstruct  Erth           0%         3d5*      100%        5
 Manifold Assault         Tloc           0%         N/A       100%        5
 Iron Shot                Conj/Erth      0%         9d1       100%        6
 Statue Form              Tmut/Erth      0%         N/A       100%        6
 Spellforged Servitor     Conj/Summ      0%         N/A       100%        7
 Storm Form               Tmut/Air       0%         N/A       100%        7


Dungeon Overview and Level Annotations

Branches:
Dungeon (12/15)            Temple (1/1) D:5            Lair (3/5) D:9
 Shoals (0/4) Lair:3       Spider (1/4) Lair:3          Orc (0/2) D:10
Ossuary (visited)

Altars:
Ashenzari
Cheibriados
Dithmenos
Fedhas
Gozag
Hepliaklqana
Kikubaaqudgha
Makhleb
Nemelex Xobeh
Okawaru
Qazlal
Ru
Sif Muna
Trog
Uskayaw
Vehumet
Wu Jian
Xom
Yredelemnul

Shops:
D:10 [

Annotations:
D:12 3 runed translucent doors, Neel Ube's ghost, journeyman FoFi
Spider:2 Arachne


Innate Abilities, Weirdness & Mutations

You have claws for hands.
A weak demonic guardian rushes to your aid.
You are mostly covered in sharp spines.
When seriously injured, your blood forms very thick armour. (AC +12)


Message History

The tarantella completely misses you.
You shoot a bolt. The bolt hits the tarantella!
You kill the tarantella!
Makhleb accepts your kill.
The tarantella is struck by your spines.
The tarantella closely misses you.
The jumping spider leaps!
You shoot a bolt. The bolt hits the tarantella.
The tarantella is heavily wounded.
You block the tarantella's attack.
The jumping spider leaps!
You shoot a bolt. The bolt hits the tarantella!!
You kill the tarantella!
Makhleb accepts your kill.
The jumping spider leaps! x2
You shoot a bolt. The bolt hits Arachne!!!
Arachne is lightly wounded.
The jumping spider leaps!
Arachne's staff shoots out a stream of webbing.
The stream of webbing misses you. The tarantella touches you!
You shoot a bolt. The bolt hits Arachne!
Arachne is moderately wounded.
Arachne hits you with the +9 staff of Olgreb {rPois∞}!!
Arachne envenoms you!
Your blood congeals into armour.
You are poisoned.
The tarantella is struck by your spines.
The tarantella barely misses you.
The jumping spider leaps!
Arachne is struck by your spines.
Arachne hits you with the +9 staff of Olgreb {rPois∞}.
Arachne envenoms you!
You are more poisoned.
You open the lid... ...and a larval batfire beast flies out!
The box is emptied!
You feel sick. The tarantella barely misses you.
Arachne stares at you and mumbles some strange words.
The poison arrow hits you!!!
You are more poisoned.
* * * LOW HITPOINT WARNING * * *
A demonic guardian appears!
You block the tarantella's attack.
You feel better.
Arachne hits you with the +9 staff of Olgreb {rPois∞}!!
You die...

####
#@H#
##sH...#
.5..##
##.## ##


You could see Arachne (ally target), a tarantella, a friendly larval batfire
beast (summoned) and a friendly ufetubus (summoned).

Vanquished Creatures
  Gastronok (Lair:1)
  2 broodmothers (Spider:1)
  A yaktaur captain (D:10)
  5 boulder beetles
  5 hydras
  A catoblepas (Lair:2)
  5 two-headed ogres
  3 pharaoh ants (Spider:1)
  A steelbarb worm (Spider:1)
  2 wolf spiders (Spider:1)
  A cyclops (D:11)
  A manticore (D:11)
  15 slime creatures (D:12)
  A deep elf pyromancer (D:12)
  6 elephants (Lair:3)
  4 ugly things
  A moth of wrath (Spider:1)
  3 black mambas
  5 cane toads
  2 torpor snails (Spider:1)
  A gargoyle (D:11)
  A rime drake (Lair:1)
  Psyche (D:12)
  An unseen horror (D:12)
  A demonic crawler (Spider:1)
  5 komodo dragons
  3 trolls
  9 tarantellas
  3 polar bears (Lair:3)
  Prince Ribbit (D:5)
  10 blink frogs
  A hornet (D:9)
  12 jumping spiders
  3 culicivoras (Spider:1)
  3 wraiths
  33 yaks
  3 shadows
  A fire bat (shapeshifter) (D:12)
  8 redbacks
  A basilisk (Lair:2)
  A vampire mosquito (D:10)
  5 water moccasins
  An ice beast (D:7)
  A sky beast (D:6)
  A black bear (Lair:2)
  An orc warrior (D:9)
  An ogre (D:4)
  7 centaurs
  2 kobold brigands (D:10)
  11 bullfrogs
  An elf zombie (Ossuary)
  3 gnoll sergeants
  3 necrophages
  A scorpion (D:4)
  10 wights
  7 killer bees
  An electric eel (Spider:1)
  4 howler monkeys
  2 vampire bats (D:10)
  A hound (D:5)
  Crazy Yiuf (D:7)
  4 orc priests
  2 iguanas
  5 orc wizards
  A statue (D:9)
  3 mummies (Ossuary)
  11 gnolls
  6 adders
  A white imp (D:8)
  5 worms
  19 orcs
  6 endoplasms
  3 giant cockroaches
  A gnoll zombie (Ossuary)
  11 goblins
  7 hobgoblins
  4 jackals (D:1)
  2 quokkas
  3 ball pythons
  12 bats
  4 frilled lizards
  6 goblin zombies (Ossuary)
  2 hobgoblin zombies (Ossuary)
  7 kobolds
  4 kobold zombies (Ossuary)
  3 rats
  A spectral orc (D:4)
364 creatures vanquished.

Vanquished Creatures (collateral kills)
  A broodmother (Spider:1)
  A wolf spider (Spider:1)
  An ugly thing (D:10)
  2 cane toads (Lair:1)
  A komodo dragon (Lair:2)
  2 culicivoras (Spider:1)
  A basilisk (D:10)
  A yak (D:10)
  A redback (Spider:1)
  A water moccasin (Lair:1)
  A gnoll sergeant (D:10)
  A kobold brigand (D:10)
14 creatures vanquished.

Vanquished Creatures (others)
  2 orc wizards
  A quokka (D:10)
  8 fungi
  6 plants
17 creatures vanquished.

Grand Total: 395 creatures vanquished

Notes
Turn   | Place    | Note
-------+----------+-------------------------------------------
     0 | D:1      | gelatine the Demonspawn Hunter began the quest for the Orb.
     0 | D:1      | Reached XP level 1. HP: 16/16 MP: 1/1
   231 | D:1      | Reached skill level 4 in Ranged Weapons
   231 | D:1      | Gained mutation: You have sharp fingernails. [demonic
                  | ancestry]
   231 | D:1      | Reached XP level 2. HP: 22/22 MP: 2/2
   829 | D:2      | Gained mutation: You are partially covered in sharp spines.
                  | [demonic ancestry]
   829 | D:2      | Reached XP level 3. HP: 27/27 MP: 3/3
  1657 | D:3      | Found a faded altar of an unknown god.
  1663 | D:3      | Reached XP level 4. HP: 34/34 MP: 4/4
  1792 | D:3      | Found a burning altar of Makhleb.
  1838 | D:3      | Became a worshipper of Makhleb the Destroyer
  2020 | D:3      | Reached skill level 5 in Ranged Weapons
  2163 | D:3      | Got the Catalogue of the Pyre and Conjury
  2256 | D:3      | Found an ornate altar of the Wu Jian Council.
  2435 | D:4      | Noticed a scorpion
  2439 | D:4      | Killed a scorpion
  2440 | D:4      | Reached skill level 1 in Armour
  2440 | D:4      | Gained mutation: When seriously injured, your blood forms
                  | armour. (AC +12) [demonic ancestry]
  2440 | D:4      | Reached XP level 5. HP: 24/41 MP: 5/5
  2892 | D:4      | Found an ancient bone altar of Kikubaaqudgha.
  2904 | D:4      | Reached skill level 1 in Stealth
  3061 | D:4      | Found a basalt altar of Yredelemnul.
  3274 | D:4      | Noticed an ogre
  3282 | D:4      | Killed an ogre
  3283 | D:4      | Reached skill level 1 in Invocations
  3283 | D:4      | Gained mutation: When seriously injured, your blood forms
                  | thick armour. (AC +12) [demonic ancestry]
  3283 | D:4      | Reached XP level 6. HP: 26/47 MP: 6/6
  3573 | D:5      | Entered Level 5 of the Dungeon
  3589 | D:5      | Found a staircase to the Ecumenical Temple.
  3597 | D:5      | Reached skill level 6 in Ranged Weapons
  3634 | Temple   | Entered the Ecumenical Temple
  3807 | D:5      | Found an iron altar of Okawaru.
  3823 | D:5      | Noticed Prince Ribbit
  3831 | D:5      | Killed Prince Ribbit
  3832 | D:5      | Gained mutation: When seriously injured, your blood forms
                  | very thick armour. (AC +12) [demonic ancestry]
  3832 | D:5      | Reached XP level 7. HP: 27/53 MP: 7/9
  4049 | D:5      | Found a blossoming altar of Fedhas.
  4264 | D:5      | Found a glowing drain.
  4826 | D:6      | Found a sand-covered staircase.
  4835 | D:6      | Reached skill level 7 in Ranged Weapons
  4859 | Ossuary  | Entered an ossuary
  4859 | Ossuary  | Noticed a wraith
  4859 | Ossuary  | Noticed a wraith
  4859 | Ossuary  | Noticed a wraith
  5228 | Ossuary  | Reached * piety under Makhleb
  5568 | Ossuary  | Noticed a wraith
  5590 | Ossuary  | Killed a wraith
  5591 | Ossuary  | Gained mutation: A weak demonic guardian rushes to your
                  | aid. [demonic ancestry]
  5591 | Ossuary  | Reached XP level 8. HP: 30/60 MP: 9/11
  6036 | D:6      | Reached skill level 5 in Invocations
  6330 | D:6      | Reached skill level 8 in Ranged Weapons
  6798 | D:7      | Found a hide-covered altar of Uskayaw.
  6930 | D:7      | Found a stormy altar of Qazlal.
  7115 | D:7      | Found a runed translucent door.
  7116 | D:7      | Noticed Crazy Yiuf
  7413 | D:7      | Killed Crazy Yiuf
  7580 | D:8      | Reached XP level 9. HP: 36/67 MP: 13/13
  7941 | D:8      | Found a transporter.
  7963 | D:8      | Reached skill level 5 in Fighting
  7973 | D:8      | Found a transporter.
  7973 | D:8      | Noticed a boulder beetle
  8011 | D:8      | Reached skill level 9 in Ranged Weapons
  9233 | D:9      | Found a bloodstained altar of Trog.
  9361 | D:9      | Noticed a two-headed ogre
  9373 | D:9      | Killed a two-headed ogre
  9374 | D:9      | Reached skill level 10 in Ranged Weapons
  9374 | D:9      | Gained mutation: You are mostly covered in sharp spines.
                  | [demonic ancestry]
  9374 | D:9      | Reached XP level 10. HP: 60/76 MP: 15/15
  9376 | D:9      | Found a staircase to the Lair.
  9459 | D:9      | Reached ** piety under Makhleb
  9640 | D:9      | Noticed a boulder beetle
  9727 | D:9      | Killed a boulder beetle
 10306 | D:9      | Found a radiant altar of Vehumet.
 10510 | Lair:1   | Entered Level 1 of the Lair of Beasts
 10784 | Lair:1   | Noticed a cane toad
 10797 | Lair:1   | Killed a cane toad
 10825 | Lair:1   | Noticed a black mamba
 10832 | Lair:1   | Killed a black mamba
 10833 | Lair:1   | Reached skill level 11 in Ranged Weapons
 11151 | Lair:1   | Noticed a cane toad
 11161 | Lair:1   | Killed a cane toad
 11178 | Lair:1   | Noticed Gastronok
 11211 | Lair:1   | Killed Gastronok
 11212 | Lair:1   | Gained mutation: You have very sharp fingernails. [demonic
                  | ancestry]
 11212 | Lair:1   | Reached XP level 11. HP: 40/84 MP: 16/18
 11216 | Lair:1   | Reached skill level 5 in Armour
 11462 | Lair:1   | Noticed a four-headed hydra
 11475 | Lair:1   | Killed a four-headed hydra
 11476 | Lair:1   | Reached skill level 1 in Shields
 11977 | Lair:1   | Reached skill level 12 in Ranged Weapons
 12506 | D:10     | Entered Level 10 of the Dungeon
 12514 | D:10     | Found Vusebbar's Antique Armour Shoppe.
 12517 | D:10     | Bought a pair of boots for 94 gold pieces
 12539 | D:10     | Reached skill level 10 in Invocations
 12585 | D:10     | Found a broken altar of Ashenzari.
 12585 | D:10     | Noticed a two-headed ogre
 12598 | D:10     | Killed a two-headed ogre
 12856 | D:10     | Found a staircase to the Orcish Mines.
 13289 | D:10     | Reached *** piety under Makhleb
 13586 | D:10     | Noticed a brown ugly thing
 13609 | D:10     | Noticed a two-headed ogre
 13609 | D:10     | Killed a brown ugly thing
 13610 | D:10     | Noticed a yaktaur captain
 13629 | D:10     | Killed a yaktaur captain
 13635 | D:10     | Killed a two-headed ogre
 13636 | D:10     | Reached XP level 12. HP: 46/94 MP: 20/20
 13640 | D:10     | Noticed a two-headed ogre
 13652 | D:10     | Killed a two-headed ogre
 13662 | D:10     | Reached skill level 13 in Ranged Weapons
 14965 | D:12     | Noticed a two-headed ogre
 14969 | D:12     | Killed a two-headed ogre
 15335 | D:12     | Reached skill level 14 in Ranged Weapons
 15720 | D:12     | Noticed Psyche
 15727 | D:12     | Killed Psyche
 15877 | D:12     | Noticed a ten-headed hydra
 15878 | D:12     | Noticed a 12-headed hydra
 15878 | D:12     | Noticed Neel Ube's ghost (journeyman FoFi)
 15879 | D:12     | Found a runed translucent gate.
 15880 | D:12     | Found a runed translucent gate.
 15880 | D:12     | Found a runed translucent gate.
 15934 | D:12     | Reached **** piety under Makhleb
 17032 | D:8      | Killed a boulder beetle
 17116 | Lair:2   | Noticed a four-headed hydra
 17121 | Lair:2   | Noticed a six-headed hydra
 17121 | Lair:2   | Killed a four-headed hydra
 17122 | Lair:2   | Gained mutation: You have claws for hands. [demonic
                  | ancestry]
 17122 | Lair:2   | Reached XP level 13. HP: 101/101 MP: 21/21
 17130 | Lair:2   | Reached skill level 15 in Ranged Weapons
 18236 | Lair:3   | Found a hole to the Spider Nest.
 18475 | Lair:3   | Reached skill level 16 in Ranged Weapons
 18500 | Lair:3   | Reached ***** piety under Makhleb
 18525 | Lair:3   | Reached skill level 10 in Fighting
 18604 | Lair:3   | Reached skill level 5 in Dodging
 18988 | Lair:3   | Found a staircase to the Shoals.
 19318 | Spider:1 | Entered Level 1 of the Spider Nest
 19578 | Spider:1 | Noticed a broodmother
 19602 | Spider:1 | Killed a broodmother
 19699 | Spider:1 | Noticed a broodmother
 19701 | Spider:1 | Noticed an emperor scorpion
 19712 | Spider:1 | Reached XP level 14. HP: 23/111 MP: 22/22
 19759 | Spider:1 | Killed a broodmother
 19819 | Spider:1 | Reached skill level 17 in Ranged Weapons
 19819 | Spider:1 | Reached skill level 1 in Evocations
 19889 | Spider:1 | Noticed a broodmother
 19902 | Spider:1 | Killed a broodmother
 20138 | Spider:1 | You fall into a shaft and drop 1 floor!
 20138 | Spider:2 | Noticed Arachne
 20148 | Spider:2 | Slain by Arachne

Illustrated notes

Levels and vault maps discovered:
D:1:      lemuel_arrival_hallway, layout_loops_ring
D:2:      layout_basic
D:3:      layout_loops_ring, mainiacjoe_overflow_brackets,
          nicolae_wu_jian_immortal_techniques, nicolae_ecumenical_snake_handling
D:4:      layout_basic, yredelemnul_forgotten_temple_becter,
          nicolae_kikubaaqudgha_miasma_corner
D:5:      layout_cave_pods, mainiacjoe_overflow_catch_the_wave,
          minmay_temple_entry_statues_pillars, cheibrodos_sewer_entry_bend,
          uniq_prince_ribbit1
D:6:      layout_rooms, nicolae_ossuary_entry_false_entrances
D:7:      layout_basic, mainiacjoe_overflow_cross_hatched,
          mainiacjoe_overflow_six_doors_small, uniq_crazy_yiuf_cottage
D:8:      gammafunk_boulding_lane, layout_loops_ring, grunt_ministairs_6
D:9:      layout_grid_maze, mainiacjoe_overflow_boulevard,
          lightli_temple_of_fire, vehumet_statue, lair_entry_dummy,
          minmay_misc_feat_secret_circle, nzn_sisyphean_effort
D:10:     layout_rooms, evilmike_ruin_ashenzari, mainiacjoe_overflow_paths,
          elyvilon_altar_4, serial_shops, nicolae_shop_behind_doors,
          serial_corexii_hall, corexii_hall_statues_i, corexii_hall_statues_x,
          roderic_batcave, evilmike_minifort
D:11:     layout_irregular_city
D:12:     layout_layer_cave, gammafunk_ghost_hydra_chop, kennysheep_path_1,
          uniq_psyche
Temple:   nicolae_temple_colour_theory
Lair:1:   layout_regular_city, serial_bayou_pond_c, lemuel_fruit_fields,
          uniq_gastronok
Lair:2:   layout_chaotic_city, beast_lair_carwin_7
Lair:3:   layout_layer_cave, shoals_dummy_entry, spider_nest_entry_rubble,
          infiniplex_staircase_pool
Spider:1: nicolae_spider_hilbert_zone_2 [nicolae_spider_hilbert_4_sides_1_open,
          nicolae_spider_hilbert_4_sides_1_open,
          nicolae_spider_hilbert_4_sides_1_open,
          nicolae_spider_hilbert_4_sides_1_open,
          nicolae_spider_hilbert_6_sides_1_open,
          nicolae_spider_hilbert_6_sides_1_open,
          nicolae_spider_hilbert_3_sides_1_open,
          nicolae_spider_hilbert_3_sides_1_open,
          nicolae_spider_hilbert_3_sides_1_open,
          nicolae_spider_hilbert_3_sides_1_open,
          nicolae_spider_hilbert_6_sides_1_open,
          nicolae_spider_hilbert_6_sides_1_open,
          nicolae_spider_hilbert_6_sides_1_open,
          nicolae_spider_hilbert_6_sides_1_open], guppyfry_spider_mini_3
Spider:2: layout_spider_delve, uniq_arachne, uniq_kirke

Skill      XL: |  1  2  3  4  5  6  7  8  9 10 11 12 13 14 |
---------------+-------------------------------------------+-----
Ranged Weapons | 4 5 6 7 8 10 11 12 14 16 17 | 17.3
Fighting       | 3 4 6 7 8 9 10 | 10.6
Armour         | 1 2 3 4 5 6 |  6.2
Dodging        | 2 3 4 5 |  5.6
Stealth        | 1 2 3 |  3.1
Invocations    | 1 2 4 6 7 9 10 11 | 11.6
Shields        | 1 2 3 |  3.3
Evocations     | 1 |  1.0

Action                   |  1- 3 |  4- 6 |  7- 9 | 10-12 | 13-15 || total
-------------------------+-------+-------+-------+-------+-------++-------
Melee: Arbalest          |       |       |       |     1 |     1 ||     2
 Fire: Shortbow          |    92 |    98 |   361 |   472 |       ||  1023
       Arbalest          |       |       |       |   215 |   422 ||   637
Invok: Minor Destruction |       |       |       |     3 |       ||     3
       Lesser Servant of |       |       |       |     3 |     3 ||     6
       Major Destruction |       |       |       |     1 |     6 ||     7
Evoke: Wand              |       |       |       |     8 |     3 ||    11
       Box of beasts     |       |       |       |       |     1 ||     1
  Use: Potion            |       |     1 |     1 |     4 |     7 ||    13
       Scroll            |       |     7 |     5 |     6 |     5 ||    23
Armor: Leather armour    |     8 |     3 |       |       |       ||    11
       Ring mail         |       |    10 |    89 |   116 |       ||   215
       Scale mail        |       |     1 |       |       |       ||     1
       Troll leather arm |       |       |       |     2 |    97 ||    99
Dodge: Dodged            |    17 |    20 |   133 |   257 |   285 ||   712
       Repelled          |       |       |     1 |     7 |       ||     8
Block: Other             |       |       |       |    87 |    89 ||   176
       Reflection        |       |       |       |     6 |       ||     6
